[Event "December 19 Early 2023"]
[Site "https://www.chess.com"]
[Date "2023.12.19"]
[Round "9"]
[White "Topalov, Aleksandar"]
[Black "Kohler, Aran"]
[Result "1-0"]
[Board "141"]
[TimeControl "180+1"]
[WhiteFideId "925659"]
[BlackFideId "1002856"]
[WhiteElo "2151"]
[BlackElo "2284"]
[WhiteTeam "SRB"]
[BlackTeam "NED"]
[WhiteClock "0:01:08"]
[BlackClock "0:00:12"]

1. b3 e5 2. Bb2 Nc6 3. e3 a6 4. Nf3 e4 5. Nd4 Nxd4 6. Bxd4 c5 7. Bb2 d5 8. d3 exd3 9. cxd3 Nf6 10. Be2 Be6 11. O-O Bd6 12. Nd2 h5 13. Nf3 Bg4 14. Rc1 Bxf3 15. gxf3 Rh6 16. Kh1 Qe7 17. Rg1 Kf8 18. d4 Rc8 19. Qd3 Rc6 20. dxc5 Bxc5 21. Bxf6 Qxf6 22. Qxd5 Be7 23. Bxa6 Rxc1 24. Rxc1 g6 25. Bxb7 Kg7 26. Rc7 Qa1+ 27. Kg2 Qf6 28. f4 h4 29. Qd7 Ba3 30. Bd5 h3+ 31. Kf3 Rh7 32. Qxf7+ Qxf7 33. Rxf7+ Kh6 34. Rxh7+ Kxh7 35. Be6 Kg7 36. Bxh3 Kf6 37. Bd7 g5 38. fxg5+ Kxg5 39. Kg3 Bd6+ 40. f4+ Kf6 41. Kf3 Ke7 42. Bb5 1-0

[Event "December 19 Early 2023"]
[Site "https://www.chess.com"]
[Date "2023.12.19"]
[Round "9"]
[White "Shadhursshaan R"]
[Black "Barwinska, Ewa"]
[Result "1-0"]
[Board "142"]
[TimeControl "180+1"]
[WhiteFideId "45024138"]
[BlackFideId "21833761"]
[WhiteElo "1760"]
[BlackElo "1879"]
[WhiteTeam "IND"]
[BlackTeam "POL"]
[WhiteClock "0:01:24"]
[BlackClock "0:00:08"]

1. d4 b6 2. e4 Bb7 3. Bd3 Nf6 4. Qe2 e6 5. c4 c5 6. d5 exd5 7. exd5+ Qe7 8. Nc3 d6 9. Bf4 Nbd7 10. Nb5 Qxe2+ 11. Nxe2 O-O-O 12. Nxd6+ Bxd6 13. Bxd6 Rhe8 14. O-O-O Ne4 15. Bxe4 Rxe4 16. Nc3 Rxc4 17. Kb1 a6 18. Rhe1 Rd4 19. Rxd4 cxd4 20. Na4 Bxd5 21. Rc1+ Kb7 22. Rc7+ Ka8 23. Be7 Be4+ 24. Kc1 Re8 25. Rxd7 Bc6 26. Nxb6+ Kb8 27. Bd6# 1-0

[Event "December 19 Early 2023"]
[Site "https://www.chess.com"]
[Date "2023.12.19"]
[Round "9"]
[White "Semenova, Alina"]
[Black "Leve, Nitai"]
[Result "1-0"]
[Board "143"]
[TimeControl "180+1"]
[WhiteFideId "24113875"]
[BlackFideId "2006898"]
[WhiteElo "1827"]
[BlackElo "2144"]
[WhiteTeam "RUS"]
[BlackTeam "USA"]
[WhiteClock "0:01:37"]
[BlackClock "0:00:01"]

1. e4 d5 2. exd5 Nf6 3. d4 Bg4 4. Be2 Bxe2 5. Nxe2 Qxd5 6. O-O Nc6 7. Nbc3 Qf5 8. Be3 O-O-O 9. Na4 e5 10. c3 Bd6 11. Ng3 Qg6 12. d5 Ne7 13. c4 h5 14. Bxa7 h4 15. Ne2 h3 16. g3 Qe4 17. f3 Qxc4 18. Rc1 Bc5+ 19. Bxc5 Qxd5 20. Bxe7 Qa5 21. Bxd8 Rxd8 22. Qc2 c6 23. Nac3 Nd5 24. Nxd5 Rxd5 25. Nc3 Rd4 26. Rfd1 Qb6 27. Rxd4 exd4 28. Ne4 d3+ 29. Qf2 Qb4 30. Rd1 Qc4 31. Nd6+ 1-0

[Event "December 19 Early 2023"]
[Site "https://www.chess.com"]
[Date "2023.12.19"]
[Round "9"]
[White "Feliz Dotel, Dewar Bienvenido"]
[Black "Bach Ngoc Thuy Duong"]
[Result "0-1"]
[Board "144"]
[TimeControl "180+1"]
[WhiteFideId "6402801"]
[BlackFideId "12408956"]
[WhiteElo "2069"]
[BlackElo "1970"]
[WhiteTeam "DOM"]
[BlackTeam "VIE"]
[WhiteClock "0:00:00"]
[BlackClock "0:00:01"]

1. Nf3 d5 2. g3 Nf6 3. Bg2 c6 4. c4 e6 5. b3 Be7 6. O-O O-O 7. Bb2 b6 8. d3 Bb7 9. Nc3 Nbd7 10. e4 Rc8 11. cxd5 cxd5 12. e5 Ne8 13. d4 Ba6 14. Re1 Bb4 15. Rc1 Qe7 16. Bf1 Bxf1 17. Kxf1 Nc7 18. Re2 f6 19. exf6 Qxf6 20. Ne5 Nxe5 21. dxe5 Qf3 22. Kg1 Bc5 23. Qf1 Na6 24. Qg2 Qg4 25. h3 Qg5 26. Kh2 Nb4 27. f4 Qh6 28. Rd1 d4 29. Ne4 d3 30. Red2 Be3 31. Rxd3 Rc2 32. R3d2 Bxd2 33. Rxd2 Rfc8 34. Ba3 Rxd2 35. Qxd2 Nd5 36. Nd6 Rd8 37. Qc2 Qg6 0-1

[Event "December 19 Early 2023"]
[Site "https://www.chess.com"]
[Date "2023.12.19"]
[Round "9"]
[White "Negron Lizarazo, Juan Sebastian"]
[Black "TitarovVasiliYouTube"]
[Result "1-0"]
[Board "145"]
[TimeControl "180+1"]
[WhiteFideId "3936910"]
[WhiteElo "1647"]
[BlackElo "2541"]
[WhiteTeam "COL"]
[WhiteClock "0:01:29"]
[BlackClock "0:00:00"]

1. e4 c5 2. Nc3 Nc6 3. g3 g6 4. Bg2 Bg7 5. d3 Nf6 6. Be3 d6 7. h3 O-O 8. Qd2 Re8 9. Bh6 Bh8 10. f4 Rb8 11. Nf3 b5 12. O-O b4 13. Ne2 a5 14. g4 Ba6 15. Ng3 Nd7 16. f5 Bxb2 17. fxg6 hxg6 18. Rab1 Bc3 19. Qc1 Nde5 20. Nh4 Nd4 21. Rf2 c4 22. Nhf5 cxd3 23. cxd3 Nxd3 24. Qg5 Nxf2 25. Kxf2 Ne6 26. Qh4 Bf6 27. g5 Qb6+ 28. Ne3 Bd4 29. Re1 1-0

[Event "December 19 Early 2023"]
[Site "https://www.chess.com"]
[Date "2023.12.19"]
[Round "9"]
[White "Serra Canals, Oriol"]
[Black "Clawitter, Craig"]
[Result "1-0"]
[Board "146"]
[TimeControl "180+1"]
[WhiteFideId "22276084"]
[BlackFideId "2023105"]
[WhiteElo "2108"]
[BlackElo "2253"]
[WhiteTeam "ESP"]
[BlackTeam "USA"]
[WhiteClock "0:00:58"]
[BlackClock "0:00:05"]

1. d4 e6 2. c4 Nf6 3. Nf3 d5 4. Nc3 dxc4 5. e3 c5 6. Bxc4 Nc6 7. O-O cxd4 8. exd4 Be7 9. Re1 O-O 10. Bf4 a6 11. a3 b5 12. Bd3 Bb7 13. Rc1 Rc8 14. Bb1 Nd5 15. Nxd5 Qxd5 16. Qd3 g6 17. Qe3 Rfd8 18. Be4 Qd7 19. b4 Bf6 20. Bg5 Bxg5 21. Qxg5 Nxd4 22. Nxd4 Rxc1 23. Qxc1 Bxe4 24. Rxe4 e5 25. Nf3 f6 26. h4 Qd3 27. Qc6 Rd6 28. Qc8+ Kg7 29. Re3 Qb1+ 30. Re1 Qf5 31. Qc7+ Rd7 32. Qc6 e4 33. Qxe4 Rd1 34. Qxf5 Rxe1+ 35. Nxe1 gxf5 36. Nd3 Kf7 37. Nf4 1-0

[Event "December 19 Early 2023"]
[Site "https://www.chess.com"]
[Date "2023.12.19"]
[Round "9"]
[White "Igel2023"]
[Black "Vigoa Apecheche, Yanira"]
[Result "0-1"]
[Board "147"]
[TimeControl "180+1"]
[BlackFideId "3507041"]
[WhiteElo "2252"]
[BlackElo "2276"]
[BlackTeam "USA"]
[WhiteClock "0:00:16"]
[BlackClock "0:00:47"]

1. e4 c5 2. Nf3 Nc6 3. Bb5 g6 4. O-O Bg7 5. Re1 Nf6 6. e5 Nd5 7. Nc3 Nc7 8. Bxc6 dxc6 9. h3 O-O 10. d3 b6 11. a4 a5 12. Be3 Nd5 13. Bd2 h6 14. Ne4 Kh7 15. c4 Nc7 16. Bc3 Ne6 17. d4 cxd4 18. Nxd4 Nxd4 19. Qxd4 Qxd4 20. Bxd4 c5 21. Bc3 Bb7 22. e6 f5 23. Bxg7 Kxg7 24. Nc3 Rad8 25. Rad1 Rd4 26. Rxd4 cxd4 27. Nb5 Rd8 28. f3 Ba6 29. Kf2 Bxb5 30. axb5 Kf6 31. b3 Rd6 32. f4 Rxe6 33. Rd1 Rd6 34. Ke2 e5 35. fxe5+ Kxe5 36. Kd3 Kf4 37. Rd2 Kg3 38. Re2 g5 39. c5 bxc5 40. Kc4 d3 41. Rd2 Kf4 42. Rxd3 Rxd3 43. Kxd3 Ke5 44. Kc4 Kd6 45. b6 Kc6 46. b7 Kxb7 47. Kxc5 h5 48. h4 gxh4 49. Kd5 Kb6 50. Ke5 Kb5 51. Kxf5 Kb4 52. Kg5 Kxb3 53. Kxh4 a4 54. Kxh5 a3 55. g4 a2 56. g5 a1=Q 57. g6 Qg7 0-1

[Event "December 19 Early 2023"]
[Site "https://www.chess.com"]
[Date "2023.12.19"]
[Round "9"]
[White "Bach, Matthias"]
[Black "Kornyukov, Alexey"]
[Result "1-0"]
[Board "148"]
[TimeControl "180+1"]
[WhiteFideId "4603168"]
[BlackFideId "4150457"]
[WhiteElo "2130"]
[BlackElo "2352"]
[WhiteTeam "GER"]
[BlackTeam "RUS"]
[WhiteClock "0:00:08"]
[BlackClock "0:00:00"]

1. d4 d5 2. c4 Nf6 3. cxd5 Nxd5 4. e4 Nb6 5. Nc3 e5 6. d5 Bb4 7. Be3 O-O 8. Bd3 c6 9. dxc6 Nxc6 10. Ne2 Nd4 11. O-O Be6 12. Bxd4 exd4 13. Nb5 Bc5 14. Rc1 Be7 15. b3 Bf6 16. Nc7 Rc8 17. Nxe6 fxe6 18. f4 e5 19. Ng3 exf4 20. Rxf4 Bg5 21. Rxf8+ Qxf8 22. Rxc8 Qxc8 23. Nf5 Qc3 24. h4 Be3+ 25. Kh2 Qc7+ 26. g3 g6 27. Qg4 Qc3 28. Nxe3 Qxd3 29. Qe6+ Kg7 30. Nd5 Qe2+ 31. Kh3 Qf1+ 32. Kg4 h5+ 33. Kg5 Qc1+ 34. Nf4 Qc5+ 35. e5 d3 36. Qxg6+ Kf8 37. Qf6+ Ke8 38. Qg6+ Kd7 39. Qxd3+ Kc8 40. Qf5+ Kb8 41. e6 Qe7+ 42. Qf6 Qc5+ 43. Kg6 Qc2+ 44. Kg7 Qc7+ 45. e7 Nc8 46. Qf8 Qxe7+ 47. Qxe7 Nxe7 48. Nxh5 Nd5 49. Nf6 Ne3 50. h5 Nf5+ 51. Kg6 Nxg3 52. h6 1-0

[Event "December 19 Early 2023"]
[Site "https://www.chess.com"]
[Date "2023.12.19"]
[Round "9"]
[White "Shapiro, Daniel"]
[Black "Rose, Felix"]
[Result "1-0"]
[Board "149"]
[TimeControl "180+1"]
[WhiteFideId "2001780"]
[BlackFideId "5105722"]
[WhiteElo "2303"]
[BlackElo "2039"]
[WhiteTeam "USA"]
[BlackTeam "MEX"]
[WhiteClock "0:00:21"]
[BlackClock "0:00:10"]

1. d4 d5 2. c4 e6 3. Nf3 Nf6 4. g3 dxc4 5. Bg2 a6 6. O-O Nc6 7. e3 Bd7 8. Qe2 b5 9. b3 cxb3 10. axb3 Bd6 11. Bb2 Qe7 12. Na3 O-O 13. Nc2 Ra7 14. e4 e5 15. Ne3 exd4 16. Nxd4 Nxd4 17. Bxd4 c5 18. Bb2 Nxe4 19. Nd5 Qe6 20. Qxe4 Qxe4 21. Bxe4 Be6 22. Rfd1 h5 23. h4 a5 24. Nf6+ gxf6 25. Rxd6 Bxb3 26. Rxf6 c4 27. Rf5 f6 28. Bxf6 Rd8 29. Bd5+ 1-0

[Event "December 19 Early 2023"]
[Site "https://www.chess.com"]
[Date "2023.12.19"]
[Round "9"]
[White "Cramling Bellon, Anna"]
[Black "Obon Temprano, Sergi"]
[Result "0-1"]
[Board "150"]
[TimeControl "180+1"]
[WhiteFideId "32009232"]
[BlackFideId "2226545"]
[WhiteElo "1976"]
[BlackElo "2135"]
[WhiteTeam "SWE"]
[BlackTeam "ESP"]
[WhiteClock "0:00:00"]
[BlackClock "0:01:00"]

1. d4 d5 2. c4 c6 3. Nc3 Nf6 4. Nf3 e6 5. e3 Nbd7 6. Bd3 dxc4 7. Bxc4 b5 8. Bd3 a6 9. e4 c5 10. e5 cxd4 11. Nxb5 axb5 12. exf6 gxf6 13. O-O Qb6 14. Qe2 Bb7 15. Bxb5 Rg8 16. Bf4 Bd6 17. Bg3 f5 18. Bxd7+ Kxd7 19. Ne5+ Ke7 20. Nc4 Ba6 21. Bxd6+ Qxd6 22. Nxd6 Bxe2 23. Rfe1 Kxd6 24. Rxe2 e5 25. f4 f6 26. fxe5+ fxe5 27. Rf1 Rgf8 28. a3 d3 29. Rd2 e4 30. Rc1 Rac8 31. Rxc8 Rxc8 32. Kf2 Ke5 33. g3 Kd4 34. Ke1 e3 35. Rd1 Rc2 36. b4 Rxh2 0-1

[Event "December 19 Early 2023"]
[Site "https://www.chess.com"]
[Date "2023.12.19"]
[Round "9"]
[White "UnTucopalaTimba"]
[Black "Fernandez Hernandez, Gerardo"]
[Result "0-1"]
[Board "151"]
[TimeControl "180+1"]
[BlackFideId "2207400"]
[WhiteElo "2028"]
[BlackElo "2265"]
[BlackTeam "ESP"]
[WhiteClock "0:01:03"]
[BlackClock "0:00:29"]

1. e4 e6 2. d4 d5 3. exd5 exd5 4. Bd3 Nc6 5. c3 Bd6 6. Ne2 Qf6 7. O-O Nge7 8. Nd2 Bg4 9. h3 Bh5 10. Nb3 g5 11. Ng3 Bxd1 12. Rxd1 Bxg3 13. fxg3 b6 14. Rf1 Qg7 15. Bd2 O-O 16. Rae1 f5 17. Re6 f4 18. gxf4 gxf4 19. Bxf4 Nd8 20. Ree1 Ng6 21. Bxg6 Qxg6 22. Bxc7 Rxf1+ 23. Rxf1 Ne6 24. Be5 Rf8 25. Re1 Nf4 26. Bxf4 Rxf4 27. Nd2 Qg3 28. Re8+ Kf7 29. Re5 Rf2 0-1

[Event "December 19 Early 2023"]
[Site "https://www.chess.com"]
[Date "2023.12.19"]
[Round "9"]
[White "Mende, Andreas"]
[Black "Kotlyar, Kirill"]
[Result "0-1"]
[Board "152"]
[TimeControl "180+1"]
[WhiteFideId "4631102"]
[BlackFideId "24145599"]
[WhiteElo "2085"]
[BlackElo "2397"]
[WhiteTeam "GER"]
[BlackTeam "RUS"]
[WhiteClock "0:00:00"]
[BlackClock "0:00:36"]

1. c4 Nf6 2. g3 c6 3. Bg2 d5 4. Nf3 g6 5. b3 Bg7 6. Bb2 O-O 7. O-O Bf5 8. d3 Re8 9. Nh4 Bd7 10. Nd2 Qc8 11. Re1 Bh3 12. Bh1 e5 13. cxd5 cxd5 14. Rc1 Nc6 15. e4 Qd7 16. a3 Rad8 17. exd5 Nxd5 18. Ne4 f5 19. Ng5 h6 20. Nxh3 g5 21. Qh5 gxh4 22. Qxh4 Nf6 23. Qc4+ Kh7 24. Bxc6 bxc6 25. Qxc6 Qxd3 26. Bxe5 Rxe5 27. Rxe5 Ng4 28. Re7 Qd2 29. Qc7 Rg8 30. Qf4 Qd5 31. Rce1 Rc8 0-1

[Event "December 19 Early 2023"]
[Site "https://www.chess.com"]
[Date "2023.12.19"]
[Round "9"]
[White "Viskelis, Darius"]
[Black "Brandao, Marcius Gomes"]
[Result "1-0"]
[Board "153"]
[TimeControl "180+1"]
[WhiteFideId "12800830"]
[BlackFideId "2124980"]
[WhiteElo "1860"]
[BlackElo "2091"]
[WhiteTeam "LTU"]
[BlackTeam "BRA"]
[WhiteClock "0:00:20"]
[BlackClock "0:00:00"]

1. e4 c5 2. d4 cxd4 3. c3 Nf6 4. e5 Nd5 5. Nf3 Nc6 6. Bc4 Nb6 7. Bb3 d5 8. cxd4 Bg4 9. Be3 e6 10. O-O Be7 11. Nc3 O-O 12. h3 Bh5 13. Rc1 Rc8 14. a3 Na5 15. Ba2 Nac4 16. Qb3 Bxf3 17. gxf3 Bg5 18. f4 Be7 19. Bb1 f6 20. Kh2 f5 21. Rg1 Kh8 22. Bd3 Rg8 23. Ne2 Bh4 24. Ng3 g5 25. fxg5 Nxe3 26. Rxc8 Qxc8 27. fxe3 Bxg5 28. Be2 Nc4 29. Bxc4 dxc4 30. Qc3 Qc6 31. Qe1 Qf3 32. Nf1 1-0

[Event "December 19 Early 2023"]
[Site "https://www.chess.com"]
[Date "2023.12.19"]
[Round "9"]
[White "Nikulina, Alena"]
[Black "Golubenko, Valentina"]
[Result "0-1"]
[Board "154"]
[TimeControl "180+1"]
[WhiteFideId "4172051"]
[BlackFideId "4501993"]
[WhiteElo "1627"]
[BlackElo "2126"]
[WhiteTeam "RUS"]
[BlackTeam "CRO"]
[WhiteClock "0:00:00"]
[BlackClock "0:00:18"]

1. e4 g6 2. d4 Bg7 3. Bc4 c6 4. Nf3 d5 5. exd5 cxd5 6. Bb5+ Nc6 7. c3 Bg4 8. h3 Bxf3 9. Qxf3 e6 10. O-O Ne7 11. Bg5 O-O 12. Nd2 Qb6 13. Bxc6 Nxc6 14. Nb3 a5 15. Nc5 Qc7 16. Bf6 b6 17. Nd3 b5 18. a3 b4 19. axb4 axb4 20. Bxg7 Kxg7 21. Nxb4 Nxb4 22. cxb4 Qb6 23. Qc3 Rab8 24. Ra4 Rfc8 25. Qd2 Rc4 26. Rd1 Qc6 27. Ra7 Rcxb4 28. Qf4 R8b7 29. Rc1 Qb6 30. Rc7 Qxc7 31. Qxc7 Rxc7 32. Rxc7 Rxb2 33. Ra7 Rb4 34. Kf1 Rxd4 35. Ke2 Kf6 36. Ke3 Re4+ 37. Kd3 Rf4 38. Ra2 Ke5 39. f3 Rd4+ 40. Ke3 f5 41. Ra7 f4+ 42. Ke2 h6 43. Ra6 Kf5 44. Rb6 Rc4 45. Rb2 e5 46. Kd3 Rd4+ 47. Ke2 g5 48. Ra2 Rc4 49. Kd3 Rb4 50. Rc2 Rb3+ 51. Ke2 e4 52. fxe4+ Kxe4 53. Ra2 d4 54. Ra4 Rb2+ 55. Kf1 Ke3 56. Kg1 d3 57. Ra8 Rb1+ 58. Kh2 d2 59. Re8+ Kf2 60. Rd8 d1=Q 61. Rxd1 Rxd1 0-1

[Event "December 19 Early 2023"]
[Site "https://www.chess.com"]
[Date "2023.12.19"]
[Round "9"]
[White "De Souza, Cristiano Gomes"]
[Black "Navyblue1"]
[Result "1-0"]
[Board "155"]
[TimeControl "180+1"]
[WhiteFideId "2151758"]
[WhiteElo "2068"]
[BlackElo "2072"]
[WhiteTeam "BRA"]
[WhiteClock "0:02:24"]
[BlackClock "0:00:40"]

1. d4 Nf6 2. c4 g6 3. Nc3 Bg7 4. Nf3 O-O 5. e4 d6 6. Be2 Nbd7 7. O-O e5 8. Be3 exd4 9. Nxd4 Re8 10. f3 c6 11. Bf2 Nb6 12. Rc1 d5 13. cxd5 cxd5 14. Ndb5 dxe4 15. Qxd8 Rxd8 16. Nxa7 Rd2 17. Bxb6 1-0

[Event "December 19 Early 2023"]
[Site "https://www.chess.com"]
[Date "2023.12.19"]
[Round "9"]
[White "Ghosh, Chanchal Kumer"]
[Black "Franchini, Gabriele"]
[Result "0-1"]
[Board "156"]
[TimeControl "180+1"]
[WhiteFideId "10201858"]
[BlackFideId "806790"]
[WhiteElo "2067"]
[BlackElo "2215"]
[WhiteTeam "BAN"]
[BlackTeam "ITA"]
[WhiteClock "0:00:00"]
[BlackClock "0:00:37"]

1. e4 e6 2. Nf3 d5 3. Nc3 Nf6 4. e5 Nfd7 5. d4 c5 6. Bg5 Qb6 7. dxc5 Bxc5 8. Qd2 h6 9. Bh4 Nc6 10. Na4 Qb4 11. Nxc5 Nxc5 12. Qxb4 Nxb4 13. Bb5+ Bd7 14. Bxd7+ Kxd7 15. Nd4 g5 16. Bg3 Ne4 17. a3 Nc6 18. Nxc6 bxc6 19. f3 Nxg3 20. hxg3 h5 21. Kd2 Rab8 22. b3 h4 23. gxh4 gxh4 24. Rh2 Rbg8 25. Rah1 Rg5 26. f4 Rg4 27. Ke3 Rhg8 28. Rxh4 Rxg2 29. R1h2 R8g3+ 30. Kd4 Rg1 31. Rd2 Rf3 32. Rd3 Rf2 33. Kc3 Rgg2 34. Rh7 Rxc2+ 35. Kb4 Ke7 36. Rdh3 Rg4 37. R3h4 Rg3 38. R4h6 Rb2 39. Rf6 Rbxb3+ 0-1

[Event "December 19 Early 2023"]
[Site "https://www.chess.com"]
[Date "2023.12.19"]
[Round "9"]
[White "Dominguez Rincon, Miller Duvan"]
[Black "Palmer, Reegan"]
[Result "0-1"]
[Board "157"]
[TimeControl "180+1"]
[WhiteFideId "4406583"]
[BlackFideId "14322145"]
[WhiteElo "1960"]
[BlackElo "1814"]
[WhiteTeam "COL"]
[BlackTeam "RSA"]
[WhiteClock "0:00:04"]
[BlackClock "0:00:25"]

1. e4 e6 2. d4 d5 3. e5 c5 4. c3 Nc6 5. Nf3 Qb6 6. a3 Nh6 7. b4 cxd4 8. cxd4 Nf5 9. Bb2 a6 10. Bd3 Be7 11. Bxf5 exf5 12. Nc3 Be6 13. Na4 Qc7 14. Nc5 b6 15. Nd3 g5 16. Rc1 Qd7 17. Qa4 Nb8 18. Qc2 a5 19. O-O g4 20. Nd2 O-O 21. f3 Na6 22. Qb3 a4 23. Qd1 Bg5 24. fxg4 fxg4 25. Nf4 Bf5 26. Nh5 Qe6 27. b5 Qh6 28. Ng3 Bd3 29. Qxg4 Kh8 30. Nf3 Rg8 31. Qd7 Be3+ 32. Kh1 Rxg3 33. bxa6 Bxf1 34. Rxf1 Rag8 35. a7 Rxg2 36. Qb7 Qxh2+ 37. Nxh2 Rg1+ 38. Rxg1 Rxg1# 0-1

[Event "December 19 Early 2023"]
[Site "https://www.chess.com"]
[Date "2023.12.19"]
[Round "9"]
[White "Tilahun , Abel Mathewos"]
[Black "Chemin, Justo Reinaldo"]
[Result "1-0"]
[Board "158"]
[TimeControl "180+1"]
[WhiteFideId "15702391"]
[BlackFideId "2101580"]
[WhiteElo "1917"]
[BlackElo "1940"]
[WhiteTeam "ETH"]
[BlackTeam "BRA"]
[WhiteClock "0:00:12"]
[BlackClock "0:00:00"]

1. d4 Nf6 2. c4 e6 3. Nf3 d5 4. Nc3 c6 5. e3 Nbd7 6. Bd3 Bd6 7. O-O dxc4 8. Bxc4 Qe7 9. e4 e5 10. Bg5 h6 11. Bh4 b5 12. Bb3 b4 13. Ne2 g5 14. dxe5 Nxe5 15. Nxe5 Bxe5 16. Bg3 Nxe4 17. Qc2 Nc5 18. Bxe5 Qxe5 19. Nd4 Qxd4 20. Rfe1+ Be6 21. Bxe6 Nxe6 22. Qxc6+ Ke7 23. Rad1 Qb6 24. Rd7+ Kf6 25. Qf3+ Nf4 26. g3 Rhe8 27. Red1 Qe6 28. R7d6 1-0

[Event "December 19 Early 2023"]
[Site "https://www.chess.com"]
[Date "2023.12.19"]
[Round "9"]
[White "Levine, David"]
[Black "Arshiya Das"]
[Result "1-0"]
[Board "159"]
[TimeControl "180+1"]
[WhiteFideId "2011611"]
[BlackFideId "25652150"]
[WhiteElo "2029"]
[BlackElo "1481"]
[WhiteTeam "USA"]
[BlackTeam "IND"]
[WhiteClock "0:00:52"]
[BlackClock "0:00:38"]

1. d4 d5 2. c4 c6 3. Nf3 Nf6 4. Nc3 e6 5. Bg5 h6 6. Bh4 dxc4 7. e4 g5 8. Bg3 b5 9. Qc2 Nbd7 10. Be2 Bb7 11. O-O-O Qa5 12. h4 g4 13. Ne5 h5 14. f3 gxf3 15. Bxf3 Bb4 16. Rhf1 Ke7 17. Bf4 Bd6 18. Qd2 b4 19. Nxd7 Bxf4 20. Qxf4 Nxd7 21. Nb1 Qxa2 22. d5 c3 23. bxc3 b3 24. Rd2 Qa6 25. dxe6 Qxf1+ 26. Rd1 Qf2 27. Qd6+ Ke8 28. Qxd7+ Kf8 29. Qxf7# 1-0

[Event "December 19 Early 2023"]
[Site "https://www.chess.com"]
[Date "2023.12.19"]
[Round "9"]
[White "Essing, Arnold"]
[Black "Bogumil, Tatiana"]
[Result "1-0"]
[Board "160"]
[TimeControl "180+1"]
[WhiteFideId "4619862"]
[BlackFideId "4110579"]
[WhiteElo "2257"]
[BlackElo "1853"]
[WhiteTeam "GER"]
[BlackTeam "RUS"]
[WhiteClock "0:00:51"]
[BlackClock "0:00:00"]

1. d4 Nf6 2. Nf3 c5 3. d5 d6 4. c4 b5 5. cxb5 a6 6. b6 Nbd7 7. Nc3 g6 8. e4 Bg7 9. Be2 O-O 10. O-O Qxb6 11. Nd2 Ne5 12. h3 a5 13. a4 Ba6 14. Bb5 Ra7 15. Qe2 Ne8 16. f4 Nd7 17. Nc4 Bxb5 18. axb5 Qd8 19. e5 Nb6 20. Nxa5 Rxa5 21. Rxa5 Nxd5 22. Ra3 Nb4 23. e6 f5 24. Be3 Nc7 25. Qc4 Qc8 26. b6 Qxe6 27. Qxe6+ Nxe6 28. b7 Nc6 29. Ra8 Nb8 30. Nd5 Bf6 31. Rfa1 Bxb2 32. Rxb8 1-0

[Event "December 19 Early 2023"]
[Site "https://www.chess.com"]
[Date "2023.12.19"]
[Round "9"]
[White "Kiseleva, Arina"]
[Black "Zepeda Berlanga, Jan Enrique"]
[Result "1-0"]
[Board "161"]
[TimeControl "180+1"]
[WhiteFideId "4164989"]
[BlackFideId "5132355"]
[WhiteElo "1740"]
[BlackElo "1680"]
[WhiteTeam "RUS"]
[BlackTeam "MEX"]
[WhiteClock "0:00:35"]
[BlackClock "0:00:27"]

1. d4 Nf6 2. Nf3 e6 3. e3 c5 4. Bd3 Nc6 5. O-O Be7 6. b3 cxd4 7. exd4 b6 8. Bb2 O-O 9. a3 Bb7 10. Nbd2 d5 11. Re1 h6 12. Ne5 Nxe5 13. dxe5 Nd7 14. Qg4 Re8 15. Re3 Bg5 16. f4 Bh4 17. Rh3 Be7 18. Rxh6 Nf8 19. Rh3 f5 20. exf6 Bxf6 21. Bxf6 Qxf6 22. Re1 e5 23. fxe5 Rxe5 24. Rf1 Qg5 25. Qxg5 Rxg5 26. Nf3 Rg4 27. Ne5 Rg5 28. Nf7 Rg4 29. Rh8# 1-0

[Event "December 19 Early 2023"]
[Site "https://www.chess.com"]
[Date "2023.12.19"]
[Round "9"]
[White "Santos, Isaque Goncalves"]
[Black "Papp, Petra"]
[Result "0-1"]
[Board "162"]
[TimeControl "180+1"]
[WhiteFideId "2103885"]
[BlackFideId "739049"]
[WhiteElo "1901"]
[BlackElo "2270"]
[WhiteTeam "BRA"]
[BlackTeam "HUN"]
[WhiteClock "0:00:11"]
[BlackClock "0:00:31"]

1. d4 Nf6 2. c4 g6 3. Nc3 d5 4. cxd5 Nxd5 5. e4 Nxc3 6. bxc3 Bg7 7. Bc4 c5 8. Ne2 Nc6 9. Be3 O-O 10. O-O Na5 11. Bd3 b6 12. Rc1 cxd4 13. cxd4 Bb7 14. Qd2 Qd7 15. Rfd1 Rac8 16. f3 Nc6 17. Bb5 Qd6 18. e5 Qd8 19. f4 e6 20. Ng3 Ne7 21. Rxc8 Qxc8 22. Rc1 Qa8 23. Rc7 Nd5 24. Rc1 Nxe3 25. Qxe3 Bxg2 26. f5 exf5 27. e6 fxe6 28. Qxe6+ Kh8 29. Bc4 f4 30. Ne2 f3 31. Nf4 0-1

[Event "December 19 Early 2023"]
[Site "https://www.chess.com"]
[Date "2023.12.19"]
[Round "9"]
[White "Vargas, Mauricio"]
[Black "Quirke, Jeffrey"]
[Result "0-1"]
[Board "163"]
[TimeControl "180+1"]
[WhiteFideId "4404572"]
[BlackFideId "2013029"]
[WhiteElo "1982"]
[BlackElo "2154"]
[WhiteTeam "COL"]
[BlackTeam "USA"]
[WhiteClock "0:00:30"]
[BlackClock "0:00:16"]

1. e4 e6 2. f4 d5 3. e5 c5 4. Nf3 h5 5. Bb5+ Bd7 6. Bxd7+ Qxd7 7. d3 Nh6 8. c3 Nf5 9. O-O Nc6 10. Na3 Be7 11. Qe1 h4 12. Nc2 O-O-O 13. Be3 Kb8 14. Bf2 Rdg8 15. Ne3 g6 16. Ng4 h3 17. g3 d4 18. Nf6 Bxf6 19. exf6 Rd8 20. Ne5 Nxe5 21. fxe5 dxc3 22. bxc3 Qxd3 23. Bxc5 Qd5 24. Qf2 Nxg3 25. Bd6+ Rxd6 26. exd6 Qh1# 0-1

[Event "December 19 Early 2023"]
[Site "https://www.chess.com"]
[Date "2023.12.19"]
[Round "9"]
[White "Demina, Marya"]
[Black "Larina, Maria"]
[Result "1/2-1/2"]
[Board "165"]
[TimeControl "180+1"]
[WhiteFideId "4195671"]
[BlackFideId "24113182"]
[WhiteElo "1978"]
[BlackElo "1848"]
[WhiteTeam "RUS"]
[BlackTeam "FID"]
[WhiteClock "0:00:10"]
[BlackClock "0:01:01"]

1. d4 f5 2. Nf3 Nf6 3. g3 g6 4. Bg2 Bg7 5. O-O O-O 6. c4 d6 7. Nc3 Nc6 8. Re1 e5 9. d5 Ne7 10. Bg5 h6 11. Bxf6 Bxf6 12. e4 Bg7 13. b4 f4 14. Nd2 g5 15. c5 g4 16. f3 fxg3 17. hxg3 gxf3 18. Bxf3 Qe8 19. Kg2 Qg6 20. Rh1 Qg5 21. Qe2 Ng6 22. Kh2 Bd7 23. Nc4 Rf6 24. Raf1 Raf8 25. Bg2 Ne7 26. Rxf6 Rxf6 27. Rf1 Bg4 28. Qe1 Qh5+ 29. Kg1 Qg6 30. Rxf6 Qxf6 31. Qf2 Qg6 32. cxd6 cxd6 33. Qxa7 Qg5 34. Qe3 Qf6 35. Qf2 Qg5 36. Qe3 Qg6 37. Qb6 Kh7 38. Qxd6 Qg5 39. Kf2 Qc1 40. Qxe7 Qxc3 41. Ne3 Qd2+ 42. Kg1 Qxe3+ 43. Kh2 Qg5 44. Qd6 Qh5+ 45. Kg1 Bf3 46. Qc7 Bxg2 47. Kxg2 Qe2+ 48. Kh3 Qxe4 49. d6 Qf5+ 50. Kg2 Qe4+ 51. Kh3 Qh1+ 52. Kg4 Qd1+ 53. Kh3 Qh5+ 54. Kg2 Qe2+ 55. Kh3 Qf1+ 56. Kg4 Qe2+ 57. Kh3 Kg6 58. d7 Qh5+ 59. Kg2 Qe2+ 60. Kh3 Qf1+ 61. Kg4 Qe2+ 62. Kh3 1/2-1/2

[Event "December 19 Early 2023"]
[Site "https://www.chess.com"]
[Date "2023.12.19"]
[Round "9"]
[White "Olcayoz, Gizem"]
[Black "Zainullina, Nataliya"]
[Result "1-0"]
[Board "166"]
[TimeControl "180+1"]
[WhiteFideId "6301444"]
[BlackFideId "4145488"]
[WhiteElo "1856"]
[BlackElo "2211"]
[WhiteTeam "TUR"]
[BlackTeam "RUS"]
[WhiteClock "0:01:20"]
[BlackClock "0:00:23"]

1. e4 e5 2. Bc4 Nf6 3. d3 Nc6 4. Nc3 Be7 5. f4 d6 6. Nf3 O-O 7. f5 a6 8. a3 Na5 9. Ba2 b5 10. g4 Nxg4 11. Rg1 Bh4+ 12. Kf1 Nf2 13. Qe2 Nh3 14. Rg4 Be7 15. Qg2 g6 16. Qxh3 c5 17. Bd5 Rb8 18. Rg1 Kg7 19. Qh6+ Kh8 20. fxg6 fxg6 21. Ke2 c4 22. Rxg6 cxd3+ 23. cxd3 Qe8 24. Rg7 Rxf3 25. Qxh7# 1-0